 Dungeon Crawl Stone Soup version 0.28-a0-649-g2b6bb2fd11 (webtiles) character file.

Game seed: 4294498557975749178

1531 Essalna the Skirmisher (level 9, -7/68 HPs)
             Began as a Djinni Venom Mage on Oct 11, 2021.
             Was an Initiate of Makhleb.
             Mangled by a cyclops (32 damage)
             ... on level 6 of the Dungeon.
             The game lasted 00:22:04 (9409 turns).

Essalna the Skirmisher (Djinni Venom Mage)          Turns: 9409, Time: 00:22:05

Health: -7/68      AC:  4    Str:  7    XL:     9   Next: 10%
Gold:   297        EV: 12    Int: 26    God:    Makhleb [......] SH:  0 Dex: 14

rFire   + + .      SeeInvis .   m - +0 rapier (freeze)
rCold   x . .      Faith    .   (no shield)
rNeg    . . .      Spirit   .   a - +0 robe
rPois   ∞          Reflect  .   (no helmet)
rElec   .          Harm     .   h - +1 cloak
rCorr   .          Rampage  .   (no gloves)
Will    .....                   (boots unavailable)
Stlth   +.........              (no amulet)
HPRegen 0.21/turn               n - +6 ring of intelligence
MPRegen 0.00/turn               (no ring)

@: confused, ambrosia-drunk, flying
A: sickness immunity, fire resistance 2, cold vulnerability 1, float, innate
caster, hp casting, extra vitality 1
a: Renounce Religion


You were on level 6 of the Dungeon.
You worshipped Makhleb.
Makhleb was noncommittal.
You visited 2 branches of the dungeon, and saw 7 of its levels.

You collected 297 gold pieces.

Inventory:

Hand Weapons
 f - a +1 dagger
 m - a +0 rapier of freezing (weapon)
Armour
 a - a +0 robe (worn)
 c - a +2 ring mail of fire resistance
 h - a +1 cloak (worn)
Jewellery
 n - a +6 ring of intelligence (left hand)
 o - a ring of fire
Wands
 t - a wand of flame (13)
Scrolls
 b - 5 scrolls of enchant armour
 d - 4 scrolls of identify
 l - a scroll of teleportation
 p - a scroll of enchant weapon
 r - 2 scrolls of vulnerability {unknown}
 s - a scroll of brand weapon {unknown}
Potions
 e - a potion of invisibility
 g - a potion of curing
 i - 2 potions of lignification
 k - 2 potions of might
 q - a potion of mutation {unknown}


   Skills:
 + Level 7.5 Fighting
 - Level 2.1 Dodging
 - Level 1.5 Stealth
 + Level 6.3 Spellcasting


You couldn't memorise any spells.
You knew the following spells:

 Your Spells              Type           Power      Damage    Failure   Level
a - Sting                 Tmut/Pois      100%       1d8       1%          1
b - Poisonous Vapours     Pois/Air       82%        N/A       1%          2
c - Mephitic Cloud        Conj/Pois/Air  41%        N/A       1%          3
d - Olgreb's Toxic Radia  Pois           41%        N/A       4%          4
e - Beastly Appendage     Tmut           82%        N/A       1%          1
f - Static Discharge      Conj/Air       41%        N/A       1%          2
g - Lesser Beckoning      Tloc           41%        N/A       1%          3
h - Animate Dead          Necr           20%        N/A       4%          4
Your spell library was empty.

Dungeon Overview and Level Annotations

Branches:
Dungeon (6/15)             Temple (1/1) D:6

Altars:
Elyvilon
Fedhas
Kikubaaqudgha
Makhleb
Okawaru
Sif Muna
Vehumet
Xom
Zin


Innate Abilities, Weirdness & Mutations

You are immune to sickness and miasma.
You are immune to poison.
Your flesh is very heat resistant. (rF++)
You are vulnerable to cold. (rC-)
You float through the air rather than walking.
You learn spells naturally, not from books.
Your magical power is your life essence.
You have superior vitality. (+4 HP)


Message History

Aiming: Poisonous Vapours (safe; 1% risk of failure)
Press: ? - help, Dir - move target, f/p - cyclops
Aim: a cyclops, quivering large rocks (very poisoned) Poisonous vapours surround the cyclops!
The cyclops looks as sick as possible!
Casting: Poisonous Vapours (safe; 1% risk of failure)
Confirm with . or Enter, or press ? or * to list all spells.
Aiming: Poisonous Vapours (safe; 1% risk of failure)
Press: ? - help, Dir - move target, f/p - cyclops
Aim: a cyclops, quivering large rocks (lightly wounded, extremely poisoned) Poisonous vapours surround the cyclops!
The cyclops looks as sick as possible!
Casting: Poisonous Vapours (safe; 1% risk of failure)
Confirm with . or Enter, or press ? or * to list all spells.
Aiming: Poisonous Vapours (safe; 1% risk of failure)
Press: ? - help, Dir - move target, f/p - cyclops
Aim: a cyclops, quivering large rocks (lightly wounded, extremely poisoned) Poisonous vapours surround the cyclops!
The cyclops looks as sick as possible!
The cyclops throws a large rock.
The large rock hits you!!
Casting: Poisonous Vapours (safe; 1% risk of failure)
Confirm with . or Enter, or press ? or * to list all spells.
Aiming: Poisonous Vapours (safe; 1% risk of failure)
Press: ? - help, Dir - move target, f/p - cyclops
Aim: a cyclops, quivering large rocks (lightly wounded, extremely poisoned) Poisonous vapours surround the cyclops!
The cyclops looks as sick as possible!
The cyclops hits you!
Casting: Poisonous Vapours (safe; 1% risk of failure)
Confirm with . or Enter, or press ? or * to list all spells.
Aiming: Poisonous Vapours (safe; 1% risk of failure)
Press: ? - help, Dir - move target, f/p - cyclops
Aim: a cyclops, quivering large rocks (moderately wounded, extremely poisoned) Poisonous vapours surround the cyclops!
The cyclops looks as sick as possible!
The cyclops hits you.
Casting: Poisonous Vapours (safe; 1% risk of failure)
Confirm with . or Enter, or press ? or * to list all spells.
Aiming: Poisonous Vapours (safe; 1% risk of failure)
Press: ? - help, Dir - move target, f/p - cyclops
Aim: a cyclops, quivering large rocks (moderately wounded, extremely poisoned) Poisonous vapours surround the cyclops!
The cyclops looks as sick as possible!
You are confused.
You feel invigorated. The cyclops hits you!!
You die...

. . ....... .####. .(.....
#...... ....... ...# .....(.
...# #. ..... #..# #.# ...##
#..# #...#####C.# ...# #....#
#@# ...# ####.# #.# ..##
#.###.# #.# #..##.### ..# #.#
##.##...## ..
..###########..###..## .. #
................###.<##.# .#
................####..#.##.>.
#############...............


You could see a cyclops (extremely poisoned).

Vanquished Creatures
  A wyvern (D:6)
  Edmund (D:4)
  Duvessa (D:4)
  An orc warrior (D:6)
  A necrophage (D:5)
  A gnoll sergeant (D:6)
  Dowan (D:4)
  A water moccasin zombie (D:6)
  A water moccasin skeleton (D:5)
  3 wights (D:4)
  A howler monkey (D:4)
  4 bullfrog skeletons
  A gnoll shaman (D:6)
  4 orc priests
  An orc wizard (D:6)
  A hound skeleton (D:4)
  A howler monkey zombie (D:6)
  7 adders
  11 gnolls (D:6)
  A howler monkey skeleton (D:5)
  3 shadow imps (D:5)
  An ufetubus (D:6)
  An adder skeleton (D:4)
  3 worms
  A dart slug (D:5)
  8 orcs
  3 bats
  8 endoplasms
  A giant cockroach (D:4)
  3 goblins
  8 hobgoblins
  4 jackals (D:1)
  5 kobolds
  2 quokkas
  2 ball pythons (D:3)
  5 frilled lizards
  5 rats
107 creatures vanquished.

Vanquished Creatures (collateral kills)
  A bullfrog skeleton (D:6)
1 creature vanquished.

Vanquished Creatures (others)
  2 fungi (D:6)
  A plant (D:3)
3 creatures vanquished.

Grand Total: 111 creatures vanquished

Notes
Turn   | Place    | Note
-------+----------+-------------------------------------------
     0 | D:1      | Essalna the Djinni Venom Mage began the quest for the Orb.
     0 | D:1      | Reached XP level 1. HP: 15/15 MP: 0/0
   219 | D:1      | Reached XP level 2. HP: 13/22 MP: 0/0
   360 | D:1      | Reached skill level 1 in Fighting
  1168 | D:1      | Found a faded altar of an unknown god.
  1176 | D:1      | Reached XP level 3. HP: 23/27 MP: 0/0
  1176 | D:1      | Learned a level 1 spell: Beastly Appendage
  2053 | D:2      | Reached skill level 2 in Fighting
  2063 | D:2      | Reached XP level 4. HP: 8/33 MP: 0/0
  3129 | D:4      | Reached XP level 5. HP: 24/40 MP: 0/0
  3129 | D:4      | Learned a level 2 spell: Static Discharge
  3307 | D:3      | Reached skill level 3 in Fighting
  3704 | D:4      | Noticed Edmund
  4050 | D:4      | Noticed Duvessa
  4050 | D:4      | Noticed Dowan
  4258 | D:4      | Killed Duvessa
  4259 | D:4      | Reached XP level 6. HP: 20/47 MP: 0/0
  4446 | D:4      | Killed Dowan
  4447 | D:4      | Reached skill level 4 in Fighting
  4910 | D:4      | Killed Edmund
  4911 | D:4      | Reached XP level 7. HP: 29/53 MP: 0/0
  4911 | D:4      | Learned a level 3 spell: Lesser Beckoning
  5367 | D:4      | Reached skill level 5 in Fighting
  6107 | D:5      | Entered Level 5 of the Dungeon
  6239 | D:5      | Found a transporter.
  6329 | D:5      | Found a transporter.
  6368 | D:5      | Reached skill level 5 in Spellcasting
  6527 | D:5      | Reached XP level 8. HP: 44/61 MP: 0/0
  7316 | D:5      | Reached skill level 6 in Fighting
  7650 | D:6      | Noticed a wyvern
  7656 | D:6      | Killed a wyvern
  7848 | D:6      | Found a staircase to the Ecumenical Temple.
  7855 | Temple   | Entered the Ecumenical Temple
  7887 | Temple   | Became a worshipper of Makhleb the Destroyer
  7947 | D:6      | Noticed a cyclops
  7949 | D:6      | HP: 1/62 [cyclops/large rock (23)]
  8331 | D:6      | Reached skill level 7 in Fighting
  8554 | D:6      | Reached XP level 9. HP: 39/68 MP: 0/0
  8554 | D:6      | Learned a level 4 spell: Animate Dead
  8906 | D:5      | HP: 2/68 [phantom (3)]
  9409 | D:6      | Mangled by a cyclops

Illustrated notes

Levels and vault maps discovered:
D:1:      lightli_arrival_farm, layout_loops_ring,
          hellmonk_ecumenical_altar_dog_temple, minmay_tetromino_s2
D:2:      layout_rooms, st_stairs_14
D:3:      layout_basic, chequers_big_river
D:4:      layout_basic, uniq_edmund, uniq_duvessa
D:5:      gammafunk_wand_slinger, layout_loops_corners
D:6:      layout_rooms, gammafunk_temple_overflow_statue,
          minmay_temple_entry_stoned_glass, uniq_crazy_yiuf_cottage
Temple:   zaba_magenta_temple

Skill      XL: |  1  2  3  4  5  6  7  8 |
---------------+-------------------------+-----
Fighting       | 1 2 3 4 5 7 |  7.5
Spellcasting   | 3 4 5 6 |  6.3
Dodging        | |  2.1
Stealth        | |  1.5

Action                   |  1- 3 |  4- 6 |  7- 9 || total
-------------------------+-------+-------+-------++-------
Melee: Unarmed           |    13 |       |       ||    13
       Dagger            |    15 |       |       ||    15
       Rapier            |       |    15 |    58 ||    73
 Cast: Sting             |    70 |    55 |    54 ||   179
       Poisonous Vapours |       |    19 |    32 ||    51
       Static Discharge  |       |     3 |    29 ||    32
       Lesser Beckoning  |       |       |     2 ||     2
       Olgreb's Toxic Ra |       |       |     6 ||     6
       Animate Dead      |       |       |     1 ||     1
  Use: Scroll            |     4 |       |     7 ||    11
       Potion            |       |       |     4 ||     4
 Stab: Sleeping          |       |       |     1 ||     1
Armor: Robe              |     7 |    16 |    23 ||    46
Dodge: Dodged            |    44 |    27 |    71 ||   142

Table legend: (Time is in decaauts)
 A = Elapsed time spent in this place.
 B = Non-inter-level travel time spent in this place.
 C = Inter-level travel time spent in this place.
 D = Time resting spent in this place.
 E = Time spent auto-exploring this place.
 F = Levels seen in this place.
 G = Mean time per level.
                   A        B        C        D        E       F      G
               +--------+--------+--------+--------+--------+-----+--------+
         Total |   9430 |   9105 |    325 |   1147 |   6680 |   7 | 1347.1 |
       Dungeon |   9077 |   8752 |    325 |    850 |   6680 |   6 | 1512.8 |
        Temple |    352 |    352 |      0 |    297 |      0 |   1 |  352.0 |
               +--------+--------+--------+--------+--------+-----+--------+

Top non-repeatable levels by time:
     D:3: 1937 daAuts
     D:5: 1875 daAuts
     D:4: 1757 daAuts
     D:1: 1572 daAuts
     D:6: 1086 daAuts
     D:2: 849 daAuts
  Temple: 352 daAuts
